 Dungeon Crawl Stone Soup version 0.24.1 (webtiles) character file.

Game seed: 9905790223726201663, levelgen mode: deterministic

263 miau the Conjurer (level 5, -1/22 HPs)
             Began as a Felid Conjurer on Mar 23, 2020.
             Slain by a hound (4 damage)
             ... on level 4 of the Dungeon.
             The game lasted 00:29:08 (4570 turns).

miau the Conjurer (Felid Conjurer)                  Turns: 4570, Time: 00:29:09

Health: -1/22      AC:  1    Str:  5    XL:     5   Next: 98%
Magic:  0/12       EV: 18    Int: 18    God:
Gold:   121        SH:  4    Dex: 17    Spells: 2/12 levels left
                                        Lives:  0   Deaths: 1

rFire    . . .     SeeInvis +   (weapon unavailable)
rCold    . . .     Gourm    .   (shield unavailable)
rNeg     . . .     Faith    .   (armour unavailable)
rPois    .         Spirit   .   (helmet unavailable)
rElec    .         Reflect  .   (cloak unavailable)
rCorr    .         Harm     .   (gloves unavailable)
MR       .....                  (boots unavailable)
Stlth    +++.......             (no amulet)
HPRegen  0.07/turn              (no ring)
MPRegen  0.13/turn              (no ring)

@: quick
A: very small, no armour, no weapons or thrown items, stealth, claws 1, fangs 3,
horns 1, large bone plates 1, see invisible, carnivore, clever 1, speed 1,
shaggy fur 1, slow metabolism 1, wild magic 1, sharp paws
a: no special abilities


You were on level 4 of the Dungeon.
You were very full.

You visited 1 branch of the dungeon, and saw 4 of its levels.

You collected 121 gold pieces.

Inventory:

Wands
 c - a wand of polymorph (9)
Scrolls
 a - a scroll of identify
 e - a scroll of remove curse
 h - a scroll of amnesia
 i - a scroll of noise
 m - a scroll of fear
Potions
 l - a potion of curing
 o - 2 potions of brilliance
Comestibles
 b - 7 rations


   Skills:
 * Level 2.0 Fighting
 + Level 3.3 Dodging
 + Level 3.1 Stealth
 * Level 4.4 Spellcasting
 + Level 4.6 Conjurations
 + Level 0.2 Hexes
 * Level 1.3 Evocations


You had 2 spell levels left.
You knew the following spells:

 Your Spells              Type           Power        Failure   Level  Hunger
c - Dazzling Spray        Conj/Hex       ###...       22%         3    ###....
i - Iskenderun's Mystic   Conj           ####....     28%         4    ####...
x - Searing Ray           Conj           ####..       5%          2    #......
z - Magic Dart            Conj           ####         3%          1    None

Your spell library contained the following spells:

 Spells                   Type           Power        Failure   Level  Hunger
 Confusing Touch          Hex            #.....       19%         1    None
 Animate Skeleton         Necr           N/A          21%         1    None
 Apportation              Tloc           #.....       21%         1    None
 Summon Small Mammal      Summ           #...         21%         1    None
 Fulminant Prism          Conj/Hex       ###.......   54%         4    ####...
 Force Lance              Conj/Tloc      ###.....     56%         4    ####...


Dungeon Overview and Level Annotations

Branches:
Dungeon (4/15)
 Temple: D:4-7

Altars:
Hepliaklqana
Makhleb
Xom

Annotations:
D:2 exclusion: downstairs


Innate Abilities, Weirdness & Mutations

You cannot wear armour.
You are incapable of wielding weapons or throwing items.
Your paws allow you to move quietly. (Stealth)
You have sharp claws.
You have razor-sharp teeth.
You have supernaturally acute eyesight. (SInv)
You are carnivorous and can eat meat at any time.
You cover ground quickly.
You are covered in fur. (AC +1)
You have a slow metabolism.
Your sharp claws are effective at attacking unaware monsters.
You have a pair of small horns on your head.
You are partially covered in large bone plates. (SH +4)
Your mind is acute. (Int +2)
Your spells are a little harder to cast, but a little more powerful.


Message History

You don't have enough magic to cast that spell.
Casting: Dazzling Spray (safe; 22% risk of failure)
Confirm with . or Enter, or press ? or * to list all spells.
Aiming: Magic Dart (safe; 3% risk of failure)
Press: ? - help, Shift-Dir - straight line, f/p - hound
Aim: a hound (heavily wounded)
The magic dart hits the hound but does no damage.
The hound is heavily wounded.
The hound bites you.
* * * LOW HITPOINT WARNING * * *
The hound barely misses you.
Casting: Magic Dart (safe; 3% risk of failure)
Confirm with . or Enter, or press ? or * to list all spells.
Aiming: Magic Dart (safe; 3% risk of failure)
Press: ? - help, Shift-Dir - straight line, f/p - hound
Aim: a hound (heavily wounded)
The magic dart hits the hound.
The hound is almost dead.
The hound bites you.
You die...

#..###...##..# #.
#########...........# #.
#............###....#####.
#...........## #.......#..
#.###......## #)..##.....
#.#.#####...# ##).#####...
#.##.## ##..# ##...# #..#
## ##.## #h.###....#
###..#
##.###@.#......###.....
##<.##.............###.
#.##.............##..## ##
#..............#####.## #
#.###.........## #..# ## #
#.........## ##.###.
#..........# #.....
#.....##...# #.....
#......###...# #.....


You could see a hound.

Vanquished Creatures
  A howler monkey (D:4)
  A hound (D:3)
  2 orc priests (D:3)
  An orc wizard (D:4)
  2 gnolls (D:4)
  6 adders
  2 oozes (D:3)
  An adder skeleton (D:4)
  3 worms (D:3)
  4 dart slugs
  4 leopard geckos
  6 orcs (D:3)
  2 ball pythons
  8 bats
  5 giant cockroaches
  2 goblins
  7 hobgoblins
  7 kobolds
  2 quokkas
  4 frilled lizards
  11 rats
81 creatures vanquished.

Notes
Turn   | Place    | Note
-------+----------+-------------------------------------------
     0 | D:1      | miau the Felid Conjurer began the quest for the Orb.
     0 | D:1      | Reached XP level 1. HP: 7/7 MP: 4/4
   159 | D:1      | Reached XP level 2. HP: 11/11 MP: 3/6
   472 | D:1      | You fall into a shaft and drop 1 floor!
   731 | D:1      | Learned a level 2 spell: Searing Ray
   875 | D:1      | Reached XP level 3. HP: 15/15 MP: 4/7
   881 | D:1      | Learned a level 3 spell: Dazzling Spray
  1324 | D:1      | Reached skill level 1 in Fighting
  1445 | D:2      | Found a hazy altar of Hepliaklqana.
  1885 | D:2      | Reached XP level 4. HP: 13/19 MP: 1/8
  3240 | D:3      | Reached XP level 5. HP: 13/22 MP: 1/11
  3245 | D:3      | Killed from afar by an orc priest
  3246 | D:3      | Reached XP level 4. HP: -7/19 MP: 2/10
  3323 | D:3      | Found a shimmering altar of Xom.
  3386 | D:3      | Gained mutation: Your spells are a little harder to cast,
                  | but a little more powerful. [potion of mutation]
  3386 | D:3      | Gained mutation: You are partially covered in large bone
                  | plates. (SH +4) [potion of mutation]
  3386 | D:3      | Gained mutation: You have a pair of small horns on your
                  | head. [potion of mutation]
  3386 | D:3      | Gained mutation: Your mind is acute. (Int +2) [potion of
                  | mutation]
  3889 | D:3      | Reached XP level 5. HP: 22/22 MP: 3/12
  4154 | D:3      | Found a burning altar of Makhleb.
  4267 | D:4      | Reached skill level 1 in Evocations
  4429 | D:3      | Learned a level 4 spell: Iskenderun's Mystic Blast
  4570 | D:4      | Slain by a hound

Levels and vault maps discovered:
D:1:      lightli_arrival_boilingwater, layout_loops_ring, st_stairs_1
D:2:      layout_basic, old_standard_altar, minmay_pentomino_p2
D:3:      layout_rooms, xom_teletrap_fun, makhleb_blood_cavern_becter,
          serial_bayou_crossing
D:4:      layout_layer_cave

Skill      XL: |  1  2  3  4  5 |
---------------+----------------+-----
Conjurations   | 4 |  4.6
Fighting       | 1 2 |  2.0
Dodging        | 3 |  3.3
Spellcasting   | 4 |  4.4
Stealth        | 3 |  3.1
Evocations     | 1 |  1.3
Hexes          | |  0.2

Action                   |  1- 3 |  4- 6 || total
-------------------------+-------+-------++-------
Melee: Unarmed           |     1 |     7 ||     8
 Cast: Magic Dart        |    87 |    97 ||   184
       Searing Ray       |     1 |    12 ||    13
       Dazzling Spray    |       |     6 ||     6
  Use: Potion            |       |     6 ||     6
       Scroll            |       |     9 ||     9
 Stab: Invisible         |       |     1 ||     1
  Eat: Chunk             |    10 |    10 ||    20
Armor: Skin              |     1 |     4 ||     5
Dodge: Dodged            |     7 |    53 ||    60
